General information
- name: BNet
- type: Ladder team game (AT/RT)
- host: Battle.net
- saver: Bromeister
map: SilverpineForest
- players: 6
- length: 11:26
- speed: Fast
- version: 1.26 W3XP
- replay type: Public
» download(67 KB)
Players
team 1 (winner)
me.one (
green | 77 APM | 881 actions | 11:25)
4 Blademaster
2 Wind Walk
2 Critical Strike
3 Shadow Hunter
2 Healing Wave
1 Hex
» actions
| Assign group hotkey | 18 | |
| Build / train | 35 | |
| Enter build submenu | 13 | |
| Enter hero's abilities submenu | 7 | |
| Give item / drop item | 5 | |
| Remove unit from queue | 1 | |
| Right click | 268 | |
| Select / deselect | 230 | |
| Select group hotkey | 276 | |
| Use ability | 28 | |
881 total
» units
| Peon | 9 | |
| Grunt | 3 | |
| Wind Rider | 5 | |
| Raider | 1 | |
18 total
» buildings
| Altar of Storms | 1 | |
| Orc Burrow | 5 | |
| Voodoo Lounge | 1 | |
| Barracks | 1 | |
| Stronghold | 1 | |
| War Mill | 1 | |
| Beastiary | 2 | |
| Great Hall | 1 | |
13 total
» build order
00:08 Altar of Storms
00:11 Orc Burrow
00:37 Voodoo Lounge
01:36 Barracks
01:53 Orc Burrow
03:23 Stronghold
04:39 Orc Burrow
05:45 War Mill
05:49 Beastiary
05:52 Beastiary
06:28 Orc Burrow
08:02 Orc Burrow
09:22 Great Hall
» items
| Healing Salve | 4 | |
| Lesser Clarity Potion | 1 | |
| Boots of Speed | 1 | |
6 total
Bromeister (
pink | 114 APM | 1301 actions | 11:26)
2 Death Knight
1 Death Coil
1 Unholy Aura
» actions
| Assign group hotkey | 12 | |
| Build / train | 30 | |
| Enter build submenu | 25 | |
| Enter hero's abilities submenu | 2 | |
| Remove unit from queue | 2 | |
| Right click | 922 | |
| Select / deselect | 145 | |
| Select group hotkey | 121 | |
| Use ability | 42 | |
1301 total
» units
» buildings
| Crypt | 1 | |
| Altar of Darkness | 1 | |
| Ziggurat | 11 | |
| Graveyard | 1 | |
| Tomb of Relics | 2 | |
| Nerubian Tower | 2 | |
| Halls of the Dead | 2 | |
| Spirit Tower | 7 | |
| Slaughterhouse | 1 | |
| Black Citadel | 1 | |
29 total
» build order
00:17 Crypt
00:20 Altar of Darkness
00:34 Ziggurat
01:15 Graveyard
01:26 Tomb of Relics
01:29 Nerubian Tower
03:12 Halls of the Dead
04:03 Ziggurat
04:09 Ziggurat
04:12 Ziggurat
04:54 Spirit Tower
04:59 Ziggurat
05:12 Nerubian Tower
05:15 Nerubian Tower
05:17 Spirit Tower
05:22 Ziggurat
05:26 Ziggurat
05:56 Spirit Tower
06:17 Ziggurat
06:22 Tomb of Relics
06:29 Slaughterhouse
06:33 Spirit Tower
07:30 Ziggurat
07:33 Ziggurat
07:48 Ziggurat
08:24 Spirit Tower
08:41 Spirit Tower
09:32 Spirit Tower
10:46 Black Citadel
» items
| Rod of Necromancy | 1 | |
| Sacrificial Skull | 2 | |
3 total
zack-inu (
yellow | 51 APM | 585 actions | 11:25)
3 Blademaster
2 Wind Walk
1 Critical Strike
» actions
| Assign group hotkey | 9 | |
| Basic commands | 11 | |
| Build / train | 37 | |
| Enter build submenu | 10 | |
| Enter hero's abilities submenu | 3 | |
| Give item / drop item | 1 | |
| Right click | 373 | |
| Select / deselect | 112 | |
| Select group hotkey | 5 | |
| Use ability | 24 | |
585 total
» units
» upgrades
| Pillage | 1 | |
| Melee Weapons | 1 | |
| Armor | 1 | |
| Berserker Strength | 1 | |
4 total
» buildings
| Orc Burrow | 4 | |
| Altar of Storms | 1 | |
| Barracks | 1 | |
| Voodoo Lounge | 1 | |
| War Mill | 1 | |
| Stronghold | 1 | |
| Fortress | 1 | |
| Great Hall | 1 | |
| Spirit Lodge | 1 | |
12 total
» build order
00:07 Orc Burrow
00:10 Altar of Storms
00:55 Barracks
01:31 Orc Burrow
01:43 Voodoo Lounge
02:20 Orc Burrow
03:58 Orc Burrow
04:52 War Mill
06:58 Stronghold
09:43 Fortress
11:01 Great Hall
11:06 Spirit Lodge
» items
| Healing Salve | 2 | |
| Potion of Healing | 3 | |
5 total
team 2 (loser)
NoobyGirl (
purple | 47 APM | 516 actions | 10:52)
2 Archmage
1 Summon Water Elemental
1 Brilliance Aura
» actions
| Basic commands | 8 | |
| Build / train | 53 | |
| Enter build submenu | 22 | |
| Enter hero's abilities submenu | 2 | |
| Right click | 237 | |
| Select / deselect | 168 | |
| Use ability | 26 | |
516 total
» units
| Peasant | 15 | |
| Rifleman | 20 | |
| Mortar Team | 7 | |
42 total
» upgrades
» buildings
| Altar of Kings | 1 | |
| Farm | 9 | |
| Lumber Mill | 1 | |
| Barracks | 2 | |
| Blacksmith | 1 | |
| Scout Tower | 1 | |
| Guard Tower | 1 | |
| Keep | 4 | |
| Arcane Vault | 1 | |
| Workshop | 2 | |
23 total
» build order
00:21 Altar of Kings
00:37 Farm
01:05 Lumber Mill
01:15 Farm
01:28 Barracks
01:41 Blacksmith
02:09 Farm
02:55 Farm
03:08 Scout Tower
03:34 Farm
03:43 Guard Tower
04:49 Keep
04:49 Keep
04:49 Keep
04:58 Farm
06:25 Arcane Vault
07:10 Workshop
07:31 Farm
07:39 Workshop
08:18 Farm
08:50 Farm
10:39 Barracks
» items
shlocklock (
orange | 39 APM | 445 actions | 11:24)
2 Tauren Chieftain
1 Endurance Aura
1 War Stomp
» actions
| Build / train | 22 | |
| Enter build submenu | 23 | |
| Enter hero's abilities submenu | 2 | |
| Remove unit from queue | 1 | |
| Right click | 239 | |
| Select / deselect | 125 | |
| Use ability | 33 | |
445 total
» units
» buildings
| Altar of Storms | 1 | |
| Orc Burrow | 4 | |
| Barracks | 1 | |
| Voodoo Lounge | 1 | |
| War Mill | 1 | |
| Stronghold | 1 | |
| Watch Tower | 11 | |
20 total
» build order
00:10 Altar of Storms
00:15 Orc Burrow
01:09 Barracks
01:20 Voodoo Lounge
01:41 Orc Burrow
03:02 War Mill
03:39 Orc Burrow
03:44 Orc Burrow
04:14 Stronghold
05:27 Watch Tower
05:32 Watch Tower
05:48 Watch Tower
06:03 Watch Tower
06:09 Watch Tower
07:07 Watch Tower
07:17 Watch Tower
07:21 Watch Tower
07:35 Watch Tower
08:00 Watch Tower
11:15 Watch Tower
» items
| Healing Salve | 2 | |
| Scroll of Speed | 1 | |
| Lesser Clarity Potion | 1 | |
4 total
serendipity (
red | 49 APM | 491 actions | 09:55)
2 Mountain King
1 Storm Bolt
1 Bash
» actions
| Build / train | 34 | |
| Enter build submenu | 11 | |
| Enter hero's abilities submenu | 2 | |
| Remove unit from queue | 1 | |
| Right click | 287 | |
| Select / deselect | 121 | |
| Use ability | 35 | |
491 total
» units
» upgrades
» buildings
| Altar of Kings | 1 | |
| Farm | 5 | |
| Blacksmith | 1 | |
| Lumber Mill | 1 | |
| Barracks | 1 | |
| Scout Tower | 2 | |
| Guard Tower | 4 | |
| Keep | 1 | |
16 total
» build order
00:21 Altar of Kings
00:36 Farm
00:53 Blacksmith
01:13 Lumber Mill
01:46 Barracks
01:54 Farm
02:12 Scout Tower
02:22 Farm
02:40 Guard Tower
02:40 Guard Tower
03:28 Farm
04:06 Farm
04:51 Scout Tower
06:35 Keep
07:42 Guard Tower
» items
| Healing Salve | 2 | |
| Lesser Clarity Potion | 2 | |
4 total
Chat log
(00:04 / Allies) Bromeister: guys
(00:10 / Allies) Bromeister: can u go mass grunts SH
(00:18 / Allies) zack-inu: i can
(00:28 / Allies) Bromeister: go rhasta for wards
(00:37 / Allies) Bromeister: mass rush, i'm ud towering
(00:41 / Allies) zack-inu: u mass fiends?
(00:43 / Allies) me.one: y don't you use orc lol
(00:53 / Allies) Bromeister: ya i wihs i orced
(02:36 / Allies) Bromeister: gold/wood me if possible
(02:38 / Allies) Bromeister: for early siege
(02:41 / Allies) Bromeister: as soon as i tower
(02:44 / Allies) Bromeister: i need tech now
(03:10 / Allies) me.one: your record sucks shit
(03:15 / Allies) Bromeister: cool story bro
(03:18 / Allies) Bromeister: do tell more
(03:39 / Allies) zack-inu: wait
(04:16 / Allies) Bromeister: defend it
(04:18 / Allies) Bromeister: with ur life
(04:23 / Allies) Bromeister: if it goes down gg
(04:28 / Allies) Bromeister: dont harass yellow not yet
(04:29 / Allies) zack-inu: .....
(05:01 / Allies) Bromeister: creep
(07:38 / Allies) Bromeister: twoer
(07:38 / Allies) Bromeister: tower
(07:40 / Allies) Bromeister: olz
(07:58 / Allies) Bromeister: lol his rifles
(09:42 / Allies) Bromeister: fuck
(09:48 / Allies) Bromeister: fuck
(10:00 / All) shlocklock: wtf mn
(10:18 / All) shlocklock: i make the defense.and you guys cant make shit offesne'
(10:37 / All) shlocklock: shit...
(10:54 / All) Bromeister: lol